 Dungeon Crawl Stone Soup version 0.22-a0-423-g4197694 (webtiles) character file.

16 Kairos the Charmwright (level 2, 23/23 HPs)
             Began as a Barachi Skald on May 23, 2018.
             Quit the game on level 1 of the Dungeon.
             The game lasted 00:01:20 (1188 turns).

Kairos the Charmwright (Barachi Skald)              Turns: 1188, Time: 00:01:21

Health: 23/23      AC:  4    Str: 12    XL:     2   Next: 58%
Magic:  5/5        EV: 12    Int: 13    God:
Gold:   50         SH:  0    Dex: 11    Spells: 4/5 levels left

rFire    . . .     SeeInvis .   a - +1 spear
rCold    . . .     Gourm    .   (no shield)
rNeg     . . .     Faith    .   b - +0 leather armour
rPois    .         Spirit   .   (no helmet)
rElec    .         Reflect  .   (no cloak)
rCorr    .         Harm     .   (no gloves)
MR       .....                  i - +0 pair of boots
Stlth    +.........             (no amulet)
HPRegen  0.07/turn              (no ring)
MPRegen  0.09/turn              (no ring)

@: slow
A: +LOS, swims, slowness 1, strong legs 1
a: Hop


You were on level 1 of the Dungeon.
You were very hungry.

You visited 1 branch of the dungeon, and saw 1 of its levels.

You collected 50 gold pieces.

Inventory:

Hand Weapons
 a - a +1 spear (weapon)
Armour
 b - a +0 leather armour (worn)
 i - a +0 pair of boots (worn)
Scrolls
 f - a scroll of random uselessness
 j - a scroll of magic mapping
Potions
 e - a potion of curing
 g - a potion of resistance {unknown}
Comestibles
 d - a ration


   Skills:
 + Level 2.9 Fighting
 + Level 2.1 Polearms
 + Level 1.3 Armour
 + Level 2.4 Dodging
 + Level 2.2 Spellcasting
 + Level 3.5 Charms


You had 4 spell levels left.
You knew the following spells:

 Your Spells              Type           Power        Failure   Level  Hunger
a - Infusion              Chrm           ##..         8%          1    ##.....

Your spell library contained the following spells:

 Spells                   Type           Power        Failure   Level  Hunger
 Regeneration             Chrm/Necr      #.........   41%         3    ####...
 Shroud of Golubria       Chrm/Tloc      #.........   22%         2    ###....
 Song of Slaying          Chrm           ##......     11%         2    ###....
 Spectral Weapon          Hex/Chrm       #.......     41%         3    ####...


Dungeon Overview and Level Annotations

Branches:
Dungeon (1/15)

Altars:


Innate Abilities, Weirdness & Mutations

Shadows flee at your approach. (+LOS)
You can swim through water.
You cover ground slowly.
You can hop short distances.


Message History

You see here a ball python skeleton.
Done exploring.
No target in view!
No target in view!
No target in view!
Done exploring.
Done exploring.
Done exploring.
As you read the scroll labeled KEEMIR KUNKOYNKOIMM, it crumbles to dust.
It is a scroll of identify.
f - a scroll of random uselessness
As you read the scroll of identify, it crumbles to dust.
e - a potion of curing
As you read the scroll of identify, it crumbles to dust.
h - a scroll of enchant weapon
As you read the scroll of identify, it crumbles to dust.
j - a scroll of magic mapping
As you read the scroll of enchant weapon, it crumbles to dust.
Your +0 spear glows red for a moment.
Are you sure you want to abandon this character and quit the game? (Confirm with "yes".)

#.........÷..# #.####.#
#............#### #.# #.#
#...............######.####.#
#####........................
######..................#
#......###..#...#### #......#
#..#...#### #......#
#..#...##.# #..@...#
#..#...##.# #......#
#..#.####.# #......#
#..#.####.#
#......###..#.......
#.............####.# #####
#.#.####............
#...###÷#................#
#.#.#.............######.#
##.#.......#.##.#### #.#


There were no monsters in sight!

Vanquished Creatures
  A giant cockroach (D:1)
  A goblin (D:1)
  A hobgoblin (D:1)
  3 jackals (D:1)
  A ball python (D:1)
  2 bats (D:1)
  2 frilled lizards (D:1)
  3 kobolds (D:1)
  2 rats (D:1)
16 creatures vanquished.

Notes
Turn   | Place    | Note
-------+----------+-------------------------------------------
     0 | D:1      | Kairos the Barachi Skald began the quest for the Orb.
     0 | D:1      | Reached XP level 1. HP: 17/17 MP: 3/3
   149 | D:1      | Reached XP level 2. HP: 15/23 MP: 5/5
  1188 | D:1      | Quit the game

Vault maps used:
D:1:      evilmike_arrival_plus, minmay_misc_feat_columns

Action                   || total
-------------------------++-------
Melee: Spear             ||    76
  Use: Scroll            ||     5
 Stab: Sleeping          ||     1
Armor: Leather armour    ||    16
Dodge: Dodged            ||    56

Table legend:
 A = Spawn XP
 B = Non-spawn XP
 C = Spawn XP percentage of total XP
 D = Spawn monster count
 E = Non-spawn monster count
 F = Spawn count percentage of total count
 G = Total turns spent on level
                    A         B        C        D         E        F      G
               +---------+---------+-------+---------+---------+-------+---------
         Total |       0 |      24 |   0.0 |       0 |      16 |   0.0 |  1188
               +---------+---------+-------+---------+---------+-------+---------
           D:1 |       0 |      24 |   0.0 |       0 |      16 |   0.0 |  1188
               +---------+---------+-------+---------+---------+-------+---------
